 Dungeon Crawl Stone Soup version 0.28.0-53-g5a82cb258f (webtiles) character file.

Game seed: 1287266751794404022

50 Zeld the Firebug (level 3, -1/19 HPs)
             Began as a Deep Elf Fire Elementalist on May 25, 2022.
             Slain by an adder (5 damage)
             ... on level 2 of the Dungeon.
             The game lasted 00:02:05 (1562 turns).

Zeld the Firebug (Deep Elf Fire Elementalist)       Turns: 1562, Time: 00:02:06

Health: -1/19      AC:  2    Str:  5    XL:     3   Next: 55%
Magic:  1/10       EV: 12    Int: 21    God:
Gold:   46         SH:  0    Dex: 15    Spells: 4/10 levels left

rFire   . . .      SeeInvis .   (no weapon)
rCold   . . .      Faith    .   (no shield)
rNeg    . . .      Spirit   .   a - +0 robe
rPois   .          Reflect  .   (no helmet)
rElec   .          Harm     .   (no cloak)
rCorr   .          Rampage  .   (no gloves)
Will    .....                   (no boots)
Stlth   ++........              (no amulet)
HPRegen 0.06/turn               (no ring)
MPRegen 0.12/turn               (no ring)

@: no status effects
A: no striking features
a: no special abilities


You were on level 2 of the Dungeon.
You visited 1 branch of the dungeon, and saw 2 of its levels.

You collected 46 gold pieces.

Inventory:

Armour
 a - a +0 robe (worn)
Scrolls
 b - 2 scrolls of noise {unknown}
 c - a scroll of silence {unknown}


   Skills:
 - Level 2.4 Dodging
 - Level 2.4 Stealth
 * Level 4.1 Spellcasting
 + Level 1.9 Conjurations
 * Level 4.1 Fire Magic


You had 4 spell levels left.
You knew the following spells:

 Your Spells              Type           Power      Damage    Failure   Level
a - Foxfire               Conj/Fire      68%        2x1d7     3%          1
b - Scorch                Fire           42%        2d7       3%          2
c - Inner Flame           Hex/Fire       13%        N/A       16%         3

Your spell library contained the following spells:

 Spells                   Type           Power      Damage    Failure   Level
 Conjure Flame            Conj/Fire      17%        6-21      10%         3
 Flame Wave               Conj/Fire      17%        2d6       32%         4


Dungeon Overview and Level Annotations

Branches:
Dungeon (2/15)

Altars:


Message History

An adder is nearby!
Casting: Scorch (safe; 3% risk of failure)
Confirm with . or Enter, or press ? or * to list all spells.
You don't have enough magic to cast this spell.
There is an open door here.
There's a creature in the doorway!
The adder barely misses you.
There is an open door here.
Casting: Scorch (safe; 3% risk of failure)
Confirm with . or Enter, or press ? or * to list all spells.
Flames lash the adder.
The adder is heavily wounded.
The adder's fire resistance burns away.
The adder closely misses you. The adder bites you.
Unknown command.
The adder is no longer more vulnerable to fire.
The adder bites you.
Press: ? - help, v - describe, . - travel
Here: an adder (heavily wounded)
The floor.
The adder closely misses you.
You open the door. The adder closely misses you.
There is an open door here.
The adder bites you. The adder closely misses you.
A rat comes into view.
Casting: Scorch (safe; 3% risk of failure)
Confirm with . or Enter, or press ? or * to list all spells.
Flames lash the rat.
You kill the rat!
The adder closely misses you.
Unknown command.
The adder barely misses you.
A rat comes into view.
Found 24 arrows.
The adder closely misses you. The adder closely misses you. The rat bites you.
The adder bites you.
* * * LOW HITPOINT WARNING * * *
The adder bites you.
You die...

... #.# #.# #.# #.#
# ### #.# .. ..#
######<#####.## #.
#.# #..............
#( #.#
#@####.#####.##
#.##.####S###...## #
#.......r.##.....#
#.#..#.########...##
#......# ##.##
####.### #.# ####
#.# #.# #... ##.#
##'## #... #..#
##...## #...


You could see an adder and a rat.

Vanquished Creatures
  An adder (D:2)
  2 dart slugs
  3 ball pythons (D:1)
  A bat (D:1)
  2 endoplasms
  A giant cockroach (D:1)
  7 goblins
  4 hobgoblins (D:1)
  3 jackals (D:1)
  A quokka (D:1)
  3 frilled lizards (D:1)
  2 kobolds (D:1)
  A rat (D:2)
31 creatures vanquished.

Vanquished Creatures (others)
  33 foxfires (D:1)
33 creatures vanquished.

Grand Total: 64 creatures vanquished

Notes
Turn   | Place    | Note
-------+----------+-------------------------------------------
     0 | D:1      | Zeld the Deep Elf Fire Elementalist began the quest for the
                  | Orb.
     0 | D:1      | Reached XP level 1. HP: 10/10 MP: 6/6
   353 | D:1      | Reached XP level 2. HP: 15/15 MP: 0/8
   446 | D:1      | Learned a level 2 spell: Scorch
   946 | D:1      | Reached XP level 3. HP: 19/19 MP: 5/10
   950 | D:1      | Learned a level 3 spell: Inner Flame
  1562 | D:2      | Slain by an adder

Illustrated notes

Levels and vault maps discovered:
D:1:      minmay_arrival_solitary_statue, layout_basic
D:2:      layout_loops_corners, dilly_ecumenical_altar_fadedgnrine,
          kennysheep_generic_room_2, uniq_terence

Skill      XL: |  1  2  3 |
---------------+----------+-----
Fire Magic     | 4 |  4.1
Spellcasting   | 4 |  4.1
Dodging        | |  2.4
Stealth        | |  2.4
Conjurations   | |  1.9

Action                   || total
-------------------------++-------
Melee: Unarmed           ||    13
 Cast: Foxfire           ||    26
       Scorch            ||    34
Armor: Robe              ||     2
Dodge: Dodged            ||    28
